[Event "Team 45 45 League T61"]
[Site "Internet Chess Club"]
[Date "2014.06.09"]
[Round "2"]
[White "oldbookseller"]
[Black "theartist"]
[Result "1-0"]
[WhiteElo "989"]
[BlackElo "1122"]
[Opening "Queen's pawn game, Rubinstein (Colle-Zukertort) variation"]
[ECO "D05"]
[Time "13:18:28"]
[TimeControl "2700+45"]

1. d4 Nf6 2. Nf3 e6 3. e3 d5 4. Bd3 c5 5. b3 Nc6 6. Bb2 Bd6 7. Nbd2 O-O 8. O-O
Re8 9. Ng5 g6 10. e4 Nd7 11. Qf3 Qxg5 12. Bc1 Nxd4 13. Qd1 Qd8 14. Nf3 Nxf3+ 15.
Qxf3 Kg7 16. Qh3 Nf8 17. Qh6+ Kg8 18. Re1 Be5 19. f4 Bg7 20. Qh3 d4 21. e5 Qa5
22. Rf1 Qc3 23. Rb1 Bd7 24. f5 Bc6 25. f6 Bh8 26. Bh6 Bg7 27. fxg7 Nd7 28. Qh4
Nxe5 29. Qf6 Re7 30. Qxe5 Be8 31. Rf6 Qa5 32. Rbf1 Qc7 33. Qg5 Rd8 34. Bxg6 hxg6
35. Qh4 Rd5 36. Bf4 Qd7 37. Qh8# {Black checkmated} 1-0

[Event "Team 45 45 League T61"]
[Site "Internet Chess Club"]
[Date "2014.06.09"]
[Round "2"]
[White "misuc56"]
[Black "backrankbrawler"]
[Result "0-1"]
[WhiteElo "1806"]
[BlackElo "1827"]
[Opening "King's Indian defense"]
[ECO "E60"]
[Time "13:30:10"]
[TimeControl "2700+45"]

1. d4 Nf6 2. c4 g6 3. e3 Bg7 4. Nc3 O-O 5. h3 c5 6. Nf3 cxd4 7. exd4 d5 8. Be3
Qa5 9. Bd2 Qd8 10. c5 Nc6 11. Be3 Bf5 12. a3 Re8 13. Be2 Rc8 14. O-O Be4 15. b4
b6 16. b5 Na5 17. c6 e6 18. Ne5 h5 19. a4 Qc7 20. Bf4 Qe7 21. f3 Bf5 22. Bg5 Qb4
23. Qd2 Nb3 24. Qe3 Nxa1 25. Rxa1 Nh7 26. Bf4 g5 27. Bh2 Bg6 28. Rd1 Bc2 29. Rd2
Bxa4 30. Nxa4 Qxa4 31. Bg3 Qb4 32. Kh2 h4 33. Be1 Qd6 34. Kh1 Rc7 35. Bd3 f6 36.
Bxh7+ Kxh7 37. Qd3+ Kg8 38. Ng4 f5 39. Nf2 a6 40. Rb2 axb5 41. Bb4 Qxc6 42. Bd2
Bf6 43. f4 gxf4 44. Bxf4 Ra7 45. Rc2 Qd7 46. Kh2 Rc8 47. Rxc8+ Qxc8 48. Qxb5
Bxd4 49. Nd3 Ra1 50. Nc1 Rxc1 51. Bxc1 Qc7+ 52. g3 Qxg3+ 53. Kh1 Qg1# {White
checkmated} 0-1

[Event "Team 45 45 League T61"]
[Site "Internet Chess Club"]
[Date "2014.06.08"]
[Round "2"]
[White "amicusUK"]
[Black "Constrictor"]
[Result "0-1"]
[WhiteElo "1631"]
[BlackElo "1660"]
[Opening "Dutch"]
[ECO "A80"]
[Time "15:16:22"]
[TimeControl "2700+45"]

1. d4 f5 2. Bf4 Nf6 3. Nf3 e6 4. c4 Bb4+ 5. Bd2 Qe7 6. Qb3 Bxd2+ 7. Nbxd2 O-O 8.
e3 Nc6 9. Be2 d6 10. O-O b6 11. Rac1 Bb7 12. c5 Kh8 13. cxd6 cxd6 14. Rfe1 e5
15. dxe5 dxe5 16. Nb1 Na5 17. Qa3 Qe6 18. Ng5 Qe8 19. b4 Qg6 20. Nf3 Nc6 21. Qb2
Rae8 22. b5 Nd8 23. Nbd2 Ne4 24. Nc4 Nf7 25. Red1 Neg5 26. Kh1 Nxf3 27. gxf3 Ng5
28. Rg1 Qf6 29. Nd2 Rd8 30. Kg2 Qh6 31. Kf1 Qh3+ 32. Ke1 Nxf3+ 33. Nxf3 Bxf3 34.
Bxf3 Qxf3 35. Qxe5 Rd7 36. Qg3 Qd5 37. Ke2 Qxb5+ 38. Kf3 Qd5+ 39. Ke2 Rfd8 40.
Kf1 Qd3+ 41. Kg2 Qe4+ 42. Qf3 Rd2 43. Qxe4 fxe4 44. Rc7 Rxa2 45. Rgc1 h6 46. Re7
Rf8 47. Rxe4 Rfxf2+ 48. Kg3 Rxh2 49. Rc7 Rhg2+ 50. Kf4 a5 51. Rb7 Rab2 52. Rb8+
Kh7 53. Re6 Rg6 54. Ree8 Rf6+ 55. Ke5 Rb5+ 56. Kd4 a4 57. Ra8 Rd6+ 58. Kc3 Rb3+
59. Kc2 Rc6+ 60. Kd2 a3 61. Ra7 Rb2+ 62. Kd3 a2 63. Rea8 b5 64. e4 Kg6 65. Kd4
Rc4+ 66. Kd5 Rd2+ 67. Ke5 Re2 68. Rxa2 Rexe4+ 69. Kd6 Ra4 70. Rg2+ Kh7 71. Rb8
Rad4+ 72. Kc5 b4 73. Rb7 Rc4+ 74. Kb5 Rg4 75. Re2 b3 76. Ree7 Rb4+ 77. Kc5 Rgc4+
78. Kd5 Rxb7 79. Rxb7 Rc3 80. Kd4 Rg3 81. Ke4 h5 82. Kf4 Rc3 83. Kg5 Rc5+ 84.
Kh4 Kh6 85. Rb6+ g6 86. Rxb3 Rf5 87. Rb6 Rf4+ 88. Kh3 Kg5 89. Rb5+ Rf5 90. Rb1
Rf3+ 91. Kg2 Kg4 92. Rb4+ Rf4 93. Rb6 g5 94. Rb3 h4 95. Kh2 Rc4 96. Rb1 Rc2+ 97.
Kh1 h3 98. Rb4+ Kh5 99. Rb3 Kh4 100. Rb4+ g4 101. Rd4 Kg3 102. Rd3+ Kf4 103.
Rd4+ Kf3 104. Rd3+ Ke4 105. Rd8 g3 106. Re8+ Kf5 107. Rf8+ Ke6 108. Re8+ Kf7
109. Re1 Rc3 110. Ra1 Kf6 111. Ra6+ Kf5 112. Ra5+ Kf4 113. Ra1 Kf3 114. Rb1 Rc2
115. Rb3+ Kf2 116. Rc3 g2+ {White resigns} 0-1

[Event "Team 45 45 League T61"]
[Site "Internet Chess Club"]
[Date "2014.06.06"]
[Round "2"]
[White "supermessi"]
[Black "burnsy"]
[Result "0-1"]
[WhiteElo "1544"]
[BlackElo "1673"]
[Opening "Grünfeld: 5.e3"]
[ECO "D94"]
[Time "21:01:23"]
[TimeControl "2700+45"]

1. d4 Nf6 2. c4 g6 3. Nc3 d5 4. Nf3 Bg7 5. e3 O-O 6. Be2 c6 7. O-O Bg4 8. b3 c5
9. h3 cxd4 10. exd4 Bf5 11. Bf4 Nc6 12. Nb5 a6 13. Nc3 Ne4 14. Rc1 Nxc3 15. Rxc3
dxc4 16. Rxc4 Be6 17. Rc5 Nxd4 18. Nxd4 Qxd4 19. Qc1 Rfc8 20. Bc7 Bh6 21. Rd1
Bxc1 22. Rxd4 Ba3 23. Rc2 Bd6 24. Bf3 Rxc7 25. Rxc7 Bxc7 26. Bxb7 Rb8 27. Bxa6
Ra8 28. Bc4 Rxa2 29. g4 Bxc4 30. Rxc4 Bb6 31. Rf4 Rb2 32. Rf3 g5 33. Kg2 e5 34.
Rf5 h6 35. Rf6 Rxb3 36. Rxh6 Kg7 37. Rd6 Rb2 38. Kf3 Rxf2+ 39. Ke4 Bd4 40. Ra6
Rf4+ 41. Kd5 Rf3 42. Ra2 Rxh3 43. Rg2 Kg6 44. Re2 Rg3 45. Re4 f6 46. Ke6 Re3 47.
Rxe3 Bxe3 48. Kd5 f5 49. Kxe5 fxg4 50. Ke4 Bf4 51. Kd3 Kh5 52. Ke2 Kh4 53. Kf2
Kh3 54. Kg1 g3 55. Kh1 g2+ 56. Kg1 Be3# {White checkmated} 0-1

[Event "Team 45 45 League T61"]
[Site "Internet Chess Club"]
[Date "2014.06.05"]
[Round "2"]
[White "losscause"]
[Black "smsxman"]
[Result "1-0"]
[WhiteElo "1592"]
[BlackElo "1463"]
[Opening "Queen's pawn: London system"]
[ECO "A45"]
[Time "22:00:42"]
[TimeControl "2700+45"]

1. d4 Nf6 2. Bf4 d5 3. e3 Nc6 4. c3 Bg4 5. Qb3 Na5 6. Qa4+ c6 7. Nd2 Bd7 8. Qc2
b5 9. Ngf3 g6 10. e4 Bg7 11. Ne5 O-O 12. Nxd7 Nxd7 13. e5 Nb6 14. b3 Nb7 15. Bd3
Qd7 16. O-O f6 17. Nf3 Qg4 18. Qd2 fxe5 19. Nxe5 Qxf4 20. Qxf4 Rxf4 21. Nxc6 Rf7
22. Bxb5 Nd8 23. Nb4 a6 24. Nxa6 e6 25. f4 Nb7 26. Nb4 Nd6 27. Bd3 Rc8 28. Rae1
Rf6 29. Rc1 Bh6 30. g3 g5 31. f5 Nxf5 32. c4 Rff8 33. cxd5 Nxd4 34. Rxc8 Rxc8
35. dxe6 Nxe6 36. Rf6 Rc1+ 37. Kg2 Bf8 38. Rxe6 Bxb4 39. Rxb6 Bc5 40. Rb7 h6 41.
Bc4+ Kh8 42. a4 g4 43. h4 Rg1+ 44. Kh2 Re1 45. Rd7 Bg1+ 46. Kg2 Bc5 47. a5 Ra1
48. a6 Ra2+ 49. Kf1 Rf2+ 50. Ke1 Ra2 51. b4 Bf2+ 52. Kf1 Bxg3 53. Bxa2 {Black
resigns} 1-0

[Event "Team 45 45 League T61"]
[Site "Internet Chess Club"]
[Date "2014.06.07"]
[Round "2"]
[White "xt"]
[Black "Packerfan"]
[Result "1-0"]
[WhiteElo "1681"]
[BlackElo "1864"]
[Opening "Four knights: Italian variation"]
[ECO "C55"]
[Time "15:15:12"]
[TimeControl "2700+45"]

1. e4 e5 2. Nf3 Nc6 3. Bc4 Nf6 4. Nc3 Nxe4 5. Nxe4 d5 6. Bd3 dxe4 7. Bxe4 Bd6 8.
Bxc6+ bxc6 9. d3 O-O 10. h3 Rb8 11. O-O f5 12. b3 Bd7 13. Bb2 e4 14. dxe4 fxe4
15. Qd4 Qe7 16. Nd2 Bc5 17. Qxe4 Qf7 18. Qc4 Bb6 19. Qxf7+ Rxf7 20. Nc4 Rbf8 21.
Nxb6 cxb6 22. Rad1 Bc8 23. Rd6 c5 24. f3 Rd7 25. Rxd7 Bxd7 26. Rd1 Bf5 27. c4
Kf7 28. g4 Bc8 29. Kf2 g6 30. Be5 Re8 31. Bb8 Re7 32. Rd8 Ba6 33. Bd6 Rb7 34.
Ra8 Rd7 35. Bb8 b5 36. Rxa7 Rxa7 37. Bxa7 bxc4 38. Bxc5 cxb3 39. axb3 Ke6 40.
Kg3 Bb7 41. b4 g5 42. b5 Kf6 43. b6 Kg6 44. Be7 Bc6 45. h4 gxh4+ 46. Bxh4 h5 47.
Bd8 hxg4 48. fxg4 Kf7 49. Kf4 Ke8 50. Bc7 Kd7 51. Kf5 Ke7 52. Kg6 Be4+ 53. Kg7
Bf3 54. g5 Be4 55. g6 Ke8 56. Kh8 {Black resigns} 1-0

[Event "Team 45 45 League T61"]
[Site "Internet Chess Club"]
[Date "2014.06.07"]
[Round "2"]
[White "tryanything"]
[Black "SugarIslander"]
[Result "0-1"]
[WhiteElo "1600"]
[BlackElo "1675"]
[Opening "Petrov: classical attack"]
[ECO "C42"]
[Time "19:00:26"]
[TimeControl "2700+45"]

1. e4 e5 2. Nf3 Nf6 3. Nxe5 d6 4. Nf3 Nxe4 5. d4 d5 6. Bd3 Bf5 7. O-O Be7 8. Re1
O-O 9. Nc3 Nxc3 10. bxc3 Bg4 11. h3 Be6 12. Bf4 Bd6 13. Bxd6 Qxd6 14. Ng5 h6 15.
Qh5 Nd7 16. Nxe6 fxe6 17. Qg6 Rf6 18. Qg4 c5 19. Re3 c4 20. Rg3 Qf8 21. Bg6 Qe7
22. Re1 Nf8 23. Qh5 Nxg6 24. Rxg6 Qe8 {White resigns} 0-1

[Event "Team 45 45 League T61"]
[Site "Internet Chess Club"]
[Date "2014.06.08"]
[Round "2"]
[White "mongmong"]
[Black "clarinetref"]
[Result "1/2-1/2"]
[WhiteElo "1607"]
[BlackElo "1615"]
[Opening "Queen's pawn game"]
[ECO "D02"]
[Time "22:01:55"]
[TimeControl "2700+45"]

1. d4 d5 2. Nf3 b6 3. e3 Ba6 4. Bxa6 Nxa6 5. Qe2 Qc8 6. c3 Nf6 7. Nbd2 e6 8. Ne5
c5 9. Qb5+ Ke7 10. Nc6+ Kd6 11. Ne5 Ke7 12. Nc6+ Kd6 13. Ne5 Ke7 14. Nc6+ Kd6
{Game drawn by repetition} 1/2-1/2

[Event "Team 45 45 League T61"]
[Site "Internet Chess Club"]
[Date "2014.06.09"]
[Round "2"]
[White "PostMike"]
[Black "oldsj"]
[Result "1-0"]
[WhiteElo "1444"]
[BlackElo "1624"]
[Opening "Sicilian: Scheveningen (Paulsen), classical variation"]
[ECO "B84"]
[Time "14:30:27"]
[TimeControl "2700+45"]

1. e4 c5 2. Nf3 d6 3. d4 cxd4 4. Nxd4 Nf6 5. Nc3 a6 6. Be2 e6 7. O-O Be7 8. Qd3
O-O 9. Qg3 Kh8 10. Be3 Nc6 11. Nxc6 bxc6 12. f4 d5 13. e5 Nd7 14. Na4 c5 15. Qe1
Bb7 16. Bf2 Qc7 17. b3 Rfd8 18. Bh4 Nf8 19. Bxe7 Qxe7 20. Qa5 Nd7 21. Bf3 Bc6
22. Nb2 f6 23. exf6 Qxf6 24. Nd3 c4 25. bxc4 Qd4+ 26. Kh1 Qxc4 27. Qd2 Rf8 28.
Be2 Qd4 29. c3 Qf6 30. Nb4 Bb7 31. Qd4 Rfc8 32. Rfc1 a5 33. Nc2 Rxc3 34. Qxf6
gxf6 35. Nd4 Rxc1+ 36. Rxc1 e5 37. Rc7 Bc8 38. Bb5 Rb8 39. Kg1 Nf8 40. fxe5 fxe5
41. Nc6 Rxb5 42. Rxc8 Kg7 43. Nxe5 Rb1+ 44. Kf2 Rb2+ 45. Kg3 Rxa2 46. Rc5 d4 47.
Rd5 Ne6 48. Nf3 Ra3 49. Rd7+ Kg6 50. Rd6 Kf5 51. Rd5+ Ke4 52. Re5+ Kd3 53. Rxe6
Kc2 54. Re2+ Kc3 55. Kf4 Ra4 56. Kg5 d3 57. Rf2 Re4 58. Ra2 a4 59. Kf5 Re2 60.
Ra3+ Kc2 61. Rxa4 d2 62. Nxd2 Kxd2 63. Ra2+ Ke3 64. Rxe2+ Kxe2 65. g4 {Black
resigns} 1-0

[Event "Team 45 45 League T61"]
[Site "Internet Chess Club"]
[Date "2014.06.07"]
[Round "2"]
[White "clarinetref"]
[Black "AdithJosh"]
[Result "1-0"]
[WhiteElo "1615"]
[BlackElo "1399"]
[Opening "Sicilian: Nimzovich-Rossolimo attack (without ...d6)"]
[ECO "B30"]
[Time "21:18:41"]
[TimeControl "2700+45"]

1. e4 c5 2. Nf3 Nc6 3. Bb5 e6 4. O-O Nge7 5. d4 cxd4 6. Nxd4 g6 7. Be3 Bg7 8.
Qd2 O-O 9. Nc3 b6 10. Rfd1 Bb7 11. Nxc6 dxc6 12. Qd7 Rb8 13. Bc4 Re8 14. Bxe6
Qxd7 15. Bxd7 Red8 16. Bg5 f6 17. Bf4 Ra8 18. Bc7 Rf8 19. Be6+ Kh8 20. Rd7 Rae8
21. Rad1 Bc8 22. R7d6 Bxe6 23. Rxe6 f5 24. Rd7 Nc8 25. exf5 gxf5 26. Rxe8 Rxe8
27. g3 Ne7 28. Bd6 Nc8 29. Bb8 a5 30. Kg2 c5 31. Rd5 Ne7 32. Rd7 Rxb8 33. Rxe7
Rd8 34. Na4 b5 35. Nxc5 Bxb2 36. Ne6 Rc8 37. Rb7 Re8 38. Nf4 Re5 39. Nd3 {Black
resigns} 1-0

[Event "Team 45 45 League T61"]
[Site "Internet Chess Club"]
[Date "2014.06.06"]
[Round "2"]
[White "ethan0627"]
[Black "g8wrb"]
[Result "0-1"]
[WhiteElo "1411"]
[BlackElo "1313"]
[Opening "French: Steinitz variation"]
[ECO "C11"]
[Time "14:00:54"]
[TimeControl "2700+45"]

1. e4 e6 2. d4 d5 3. Nc3 Nf6 4. e5 Nfd7 5. Nf3 c5 6. Be2 Nc6 7. O-O cxd4 8. Nxd4
Ncxe5 9. Bf4 Be7 10. Bb5 O-O 11. Qh5 Ng6 12. Be3 Bd6 13. Bd3 Nf6 14. Qe2 Bd7 15.
Ncb5 Bxb5 16. Nxb5 Bb8 17. Bc5 Re8 18. Nd4 Bxh2+ 19. Kh1 Bd6 20. Bxd6 Qxd6 21.
Nb5 Qb6 22. a4 a6 23. a5 Qc6 24. Nd4 Qd6 25. Nf3 Nf4 26. Qd2 Nxd3 27. Qxd3 Rac8
28. g3 Rc5 29. Kg2 Rec8 30. c3 Qc7 31. Rh1 Rxa5 32. Rxa5 Qxa5 33. Ng5 h6 34. Nf3
Qc7 35. b4 Qxc3 {White forfeits on time} 0-1

[Event "Team 45 45 League T61"]
[Site "Internet Chess Club"]
[Date "2014.06.08"]
[Round "2"]
[White "PostMike"]
[Black "Jet1234"]
[Result "1-0"]
[WhiteElo "1419"]
[BlackElo "1345"]
[Opening "Sicilian: Labourdonnais-Löwenthal (Kalashnikov) variation"]
[ECO "B32"]
[Time "14:54:20"]
[TimeControl "2700+45"]

1. e4 c5 2. Nf3 Nc6 3. d4 cxd4 4. Nxd4 e5 5. Nb5 d6 6. N1c3 a6 7. Na3 b5 8. Nd5
Nf6 9. c4 Nxd5 10. exd5 Nd4 11. Be3 Be7 12. Bxd4 exd4 13. Qxd4 Qa5+ 14. Qd2
Qxd2+ 15. Kxd2 bxc4 16. Bxc4 O-O 17. f4 Rb8 18. b3 Bf6 19. Rae1 Bb7 20. Re2 Rfe8
21. Rhe1 Rxe2+ 22. Rxe2 h6 23. Nc2 Kf8 24. Kd3 a5 25. Nd4 Bc8 26. h3 Ra8 27. a4
Bh4 28. Nb5 Bf5+ 29. Kd2 Rd8 30. Bd3 Bd7 31. Nd4 Bg3 32. f5 Bf4+ 33. Kd1 Rc8 34.
Bc4 Rc7 35. g4 Bc8 36. Nc6 Bb7 37. Bb5 Ba8 38. Ke1 Bg3+ 39. Kf1 Bb7 40. Kg2 Bf4
41. Nxa5 Bxd5+ 42. Kf2 Kg8 43. Nc4 Rc5 44. Re8+ Kh7 45. Re2 Bg5 46. Kg3 g6 47.
h4 Bf6 48. fxg6+ fxg6 49. Re3 Kg7 50. Kh3 Kf7 51. Nxd6+ Kg7 52. Ne8+ Kf7 53.
Nxf6 Kxf6 54. Kg3 g5 55. hxg5+ Kxg5 56. Bd7 Rc7 57. Re5+ Kg6 58. Bf5+ Kf6 59.
Rxd5 Rc3+ 60. Rd3 Rc7 61. Kf4 Rb7 62. Rd6+ Ke7 63. Rd7+ Rxd7 64. Bxd7 Kxd7 65.
Kf5 Kd6 66. Kg6 Kc5 67. Kxh6 Kb4 68. g5 Kxb3 69. a5 Kb4 70. a6 Kb5 71. a7 Kb6
72. a8=Q Kc7 73. g6 Kb6 74. g7 Kc7 75. Qa6 Kd7 76. g8=Q Kc7 77. Qg7+ Kb8 78.
Qab7# {Black checkmated} 1-0

[Event "Team 45 45 League T61"]
[Site "Internet Chess Club"]
[Date "2014.06.04"]
[Round "2"]
[White "trifire"]
[Black "Aquaman"]
[Result "1-0"]
[WhiteElo "1454"]
[BlackElo "1383"]
[Opening "Anderssen's opening"]
[ECO "A00"]
[Time "20:00:33"]
[TimeControl "2700+45"]

1. a3 e5 2. c4 b6 3. Nf3 d6 4. d3 Nf6 5. g3 Be7 6. Bg2 Bb7 7. Nc3 Nbd7 8. O-O
O-O 9. d4 exd4 10. Nxd4 Bxg2 11. Kxg2 Nb8 12. Bg5 c5 13. Nf5 Nbd7 14. Nxd6 Ne5
15. Nf5 Re8 16. Nxe7+ Qxe7 17. Nd5 Qb7 18. Bxf6 gxf6 19. Kg1 Kg7 20. Qc2 Nc6 21.
e3 Ne5 22. Qf5 Qc6 23. b3 Ng6 24. f4 Ne7 25. Qg4+ Kh8 26. e4 Nxd5 27. exd5 Qd6
28. f5 Rg8 29. Qh5 Raf8 30. Rf3 a6 31. Raf1 b5 32. Qh6 Qe5 33. Qe3 Qd6 34. Re1
bxc4 35. bxc4 a5 36. Qc3 Ra8 37. Rfe3 Kg7 38. Re7 Rgf8 39. R1e6 Qb8 40. Qxf6+
Kg8 41. Qg5+ Kh8 42. f6 Rg8 43. Qh6 Ra7 44. Rxa7 Qxa7 45. Re7 Qb8 46. Rxf7 Rxg3+
47. hxg3 Qxg3+ 48. Kh1 Qf3+ 49. Kg1 Qg3+ 50. Kf1 Qf3+ 51. Ke1 Qe4+ 52. Kf2 Qf5+
53. Ke3 Qe5+ 54. Kf3 Qf5+ 55. Kg3 Qe5+ 56. Kg4 Qe4+ 57. Qf4 Qg6+ 58. Kf3 Qxf7
59. Qb8+ Qg8 60. Qxg8+ Kxg8 61. Kf4 Kf7 62. Kg5 h5 63. d6 h4 64. d7 {Black
resigns} 1-0

[Event "Team 45 45 League T61"]
[Site "Internet Chess Club"]
[Date "2014.06.06"]
[Round "2"]
[White "mongmong"]
[Black "bluesun"]
[Result "1-0"]
[WhiteElo "1616"]
[BlackElo "1458"]
[Opening "Queen's pawn: Yusupov-Rubinstein system"]
[ECO "A46"]
[Time "19:05:08"]
[TimeControl "2700+45"]

1. d4 Nf6 2. Nf3 e6 3. e3 b6 4. Bd3 Bb7 5. O-O d5 6. Nbd2 c5 7. c3 Be7 8. Qe2 a6
9. e4 c4 10. Bc2 O-O 11. e5 Ne8 12. Re1 Nd7 13. Nf1 f6 14. exf6 Rxf6 15. Bg5 Rf8
16. Qxe6+ Rf7 17. Bxe7 Qc7 18. Ne5 Nxe5 19. Rxe5 Bc8 20. Qxd5 Ra7 21. Bh4 Kf8
22. Qe4 Qd7 23. Qxh7 Rf4 24. Qh8+ Kf7 25. Re7+ Qxe7 26. Bxe7 Rxe7 27. Qh5+ Kf8
28. Ne3 Nf6 29. Qh8+ Ng8 30. Bh7 Be6 31. g3 Rf6 32. d5 Bf7 33. Ng4 Rf3 34. Bxg8
Bxg8 35. d6 Re6 36. Rd1 Rd3 37. Rc1 Rdxd6 38. Qh4 Re4 39. Qg5 Bd5 40. Ne3 Bb7
41. Nf5 Rd7 42. Nd4 Rde7 43. Qd2 Kf7 44. f3 Re3 45. Kf2 Rd3 46. Qf4+ Ke8 47. Re1
Rxe1 48. Kxe1 Kd7 49. Qf7+ Kc8 50. Qe8+ Kc7 51. Qf7+ Kb8 52. Qxc4 Re3+ 53. Kf2
Re8 54. Qf7 Rc8 55. Qxg7 b5 56. h4 b4 57. cxb4 a5 58. bxa5 Rc7 59. Qf8+ Rc8 60.
Qd6+ Ka8 61. Qb6 Bxf3 62. Nxf3 Rc2+ 63. Ke3 Re2+ 64. Kd3 Rd2+ 65. Kc4 Rc2+ 66.
Kb5 Rc7 67. Qc6+ Rxc6 68. Kxc6 Ka7 69. h5 Ka6 70. h6 Kxa5 71. b4+ Ka6 72. a4 Ka7
73. b5 Ka8 74. h7 Ka7 75. a5 Ka8 76. b6 Kb8 77. h8=Q# {Black checkmated} 1-0

[Event "Team 45 45 League T61"]
[Site "Internet Chess Club"]
[Date "2014.06.08"]
[Round "2"]
[White "Elton2013"]
[Black "GregoryViking"]
[Result "0-1"]
[WhiteElo "1519"]
[BlackElo "1568"]
[Opening "Sicilian: Labourdonnais-Löwenthal variation"]
[ECO "B32"]
[Time "17:01:06"]
[TimeControl "2700+45"]

1. e4 c5 2. Nf3 Nc6 3. d4 cxd4 4. Nxd4 e5 5. Nf3 Nf6 6. Nc3 Be7 7. h3 O-O 8. Be3
d6 9. Qd2 Bd7 10. O-O-O Rc8 11. g4 Nb4 12. g5 Rxc3 13. bxc3 Nxe4 14. Qe1 Nxa2+
15. Kb2 Nexc3 16. Ra1 Be6 17. Nd2 a5 18. Bc4 Bxc4 19. Nxc4 d5 20. Bb6 Qd7 21.
Nxa5 Qb5+ 22. Nb3 Qxb6 23. Rxa2 Nxa2 24. Kxa2 Ra8+ 25. Kb1 Bxg5 26. Kb2 Bf6 27.
c3 Qa6 28. Qa1 Qe2+ 29. Kb1 Rxa1+ 30. Kxa1 e4 31. Rc1 Qxf2 32. Kb1 e3 33. Nd4 e2
34. Nxe2 Qxe2 35. Rc2 Qd3 36. Kb2 g6 37. Kb3 Qc4+ 38. Kb2 Qb4+ 39. Ka2 Bxc3 40.
Re2 Qc4+ 41. Kb1 Qxe2 42. Kc1 Qd2+ 43. Kb1 Qb2# {White checkmated} 0-1

[Event "Team 45 45 League T61"]
[Site "Internet Chess Club"]
[Date "2014.06.08"]
[Round "2"]
[White "smsxman"]
[Black "chesscharm"]
[Result "0-1"]
[WhiteElo "1440"]
[BlackElo "1326"]
[Opening "Giuoco Piano: four knights variation"]
[ECO "C47"]
[Time "12:00:22"]
[TimeControl "2700+45"]

1. e4 e5 2. Nf3 Nc6 3. Nc3 Nf6 4. Bc4 Bc5 5. Bb3 O-O 6. O-O d6 7. a3 Bg4 8. Qe1
Bxf3 9. gxf3 Nd4 10. Kg2 Nh5 11. Ne2 Qg5+ 12. Ng3 Nf4+ 13. Kh1 Nxf3 14. Qd1 Nxh2
15. Kxh2 Qh4+ 16. Kg1 Qxg3+ 17. Kh1 Qg2# {White checkmated} 0-1

[Event "Team 45 45 League T61"]
[Site "Internet Chess Club"]
[Date "2014.06.07"]
[Round "2"]
[White "moodle"]
[Black "guyd52"]
[Result "0-1"]
[WhiteElo "1491"]
[BlackElo "1330"]
[Opening "Pirc: classical, h3 system"]
[ECO "B08"]
[Time "19:01:11"]
[TimeControl "2700+45"]

1. e4 d6 2. d4 Nf6 3. Nc3 g6 4. Nf3 Bg7 5. h3 O-O 6. Be3 Nbd7 7. Bc4 a6 8. a4 e6
9. Bb3 c6 10. O-O Re8 11. Qd2 e5 12. dxe5 Nxe5 13. Nxe5 Rxe5 14. f3 Nh5 15. Kh2
Ra5 16. Qf2 Re5 17. Rac1 b5 18. axb5 axb5 19. Rcd1 Ba6 20. Rfe1 Bf6 21. Qd2 Re8
22. Kg1 Bh4 23. Bf2 Be7 24. g4 Ng7 25. Bg3 Qb6+ 26. Kg2 Rad8 27. Qf4 Ne6 28. Qd2
Nc5 29. Ba2 b4 30. Ne2 b3 31. cxb3 Nd3 32. Rg1 d5 33. Qc2 Nb4 34. Qd2 Nxa2 35.
Qe1 Bb4 36. Qf1 Bc5 37. Rh1 Qxb3 38. exd5 {White resigns} 0-1

[Event "Team 45 45 League T61"]
[Site "Internet Chess Club"]
[Date "2014.06.07"]
[Round "2"]
[White "Goli"]
[Black "lemorgado"]
[Result "1/2-1/2"]
[WhiteElo "1815"]
[BlackElo "1974"]
[Opening "Caro-Kann: exchange variation"]
[ECO "B13"]
[Time "17:09:33"]
[TimeControl "2700+45"]

1. e4 c6 2. d4 d5 3. exd5 Qxd5 4. Nc3 Qd8 5. Nf3 Bg4 6. Be2 Nf6 7. Bg5 e6 8. O-O
Be7 9. Ne5 Bxe2 10. Nxe2 O-O 11. Bxf6 Bxf6 12. Nf3 Qb6 13. Rb1 Rd8 14. c3 c5 15.
Qb3 Qxb3 16. axb3 cxd4 17. Nexd4 Nc6 18. Nxc6 bxc6 19. b4 a5 20. bxa5 Rxa5 21.
Rfd1 Rb8 22. Nd4 Rc5 23. Nc2 Rcb5 24. Nd4 R5b6 25. Ne2 Rxb2 26. Rxb2 Rxb2 27.
Kf1 Kf8 28. g3 Ke7 29. h4 h5 30. Ke1 c5 31. Kf1 Rc2 32. Rd3 c4 33. Rf3 Kd6 34.
Ke1 Kc5 35. Kd1 Ra2 36. Nf4 Ra3 37. Kc2 Be5 38. Nxh5 g6 39. Nf4 Bxf4 40. Rxf4 f5
41. Kb2 Rb3+ 42. Kc2 Rb6 43. Rd4 Rd6 44. Rxd6 Kxd6 45. Kd2 {Game drawn by mutual
agreement} 1/2-1/2

[Event "Team 45 45 League T61"]
[Site "Internet Chess Club"]
[Date "2014.06.08"]
[Round "2"]
[White "chessjav"]
[Black "room-matt"]
[Result "0-1"]
[WhiteElo "1839"]
[BlackElo "1853"]
[Opening "Budapest: Alekhine variation"]
[ECO "A52"]
[Time "10:03:22"]
[TimeControl "2700+45"]

1. d4 Nf6 2. c4 e5 3. dxe5 Ng4 4. e4 Nxe5 5. f4 Ng6 6. Nf3 Bb4+ 7. Nc3 d6 8. Bd3
Bxc3+ 9. bxc3 Nc6 10. O-O O-O 11. Nd4 Qf6 12. Be3 Qe7 13. Qf3 Re8 14. Rae1 Bd7
15. Kh1 a6 16. Bg1 Rad8 17. Bc2 Nb8 18. Nf5 Qf8 19. Bd4 f6 20. g4 Bc6 21. g5 Nd7
22. h4 Qf7 23. Bb3 Nc5 24. gxf6 Rxe4 25. fxg7 Qxf5 26. Rxe4 Bxe4 {White resigns}
0-1

[Event "Team 45 45 League T61"]
[Site "Internet Chess Club"]
[Date "2014.06.08"]
[Round "2"]
[White "zugknightly"]
[Black "WillC"]
[Result "0-1"]
[WhiteElo "1797"]
[BlackElo "1703"]
[Opening "Queen's pawn game"]
[ECO "E10"]
[Time "20:05:07"]
[TimeControl "2700+45"]

1. c4 Nf6 2. d4 e6 3. Nf3 d5 4. cxd5 exd5 5. Qc2 Be7 6. Nc3 O-O 7. Bg5 Re8 8. e3
Be6 9. Bd3 h6 10. Bh4 Nbd7 11. O-O a6 12. a3 c5 13. Bf5 Qb6 14. Bxe6 Qxe6 15.
Rad1 Rac8 16. Qd2 Ne4 17. Qd3 Nxc3 18. bxc3 c4 19. Qb1 Bxa3 20. Bg3 b5 21. Qa2
Be7 22. Nd2 Nf6 23. Rfe1 Ra8 24. f3 b4 25. cxb4 Bxb4 26. Re2 Rec8 27. e4 c3 28.
e5 cxd2 {White resigns} 0-1

[Event "Team 45 45 League T61"]
[Site "Internet Chess Club"]
[Date "2014.06.09"]
[Round "2"]
[White "Innes"]
[Black "Duguesclin"]
[Result "0-1"]
[WhiteElo "1595"]
[BlackElo "1702"]
[Opening "French: exchange variation"]
[ECO "C01"]
[Time "15:00:16"]
[TimeControl "2700+45"]

1. e4 e6 2. d4 d5 3. exd5 exd5 4. Bd3 Nf6 5. h3 c5 6. dxc5 Bxc5 7. Nf3 O-O 8.
O-O Be6 9. c3 h6 10. Nbd2 Nc6 11. Nb3 Bb6 12. Bf4 a6 13. Rc1 Ba7 14. Bb1 Ne4 15.
Nfd4 Qh4 16. Qf3 Rae8 17. Nxe6 fxe6 18. Bg3 Nxg3 19. Qd3 Ne4 20. Nd4 Ne5 21. Qc2
Rc8 22. Nxe6 Rxf2 23. Rxf2 Bxf2+ 24. Kh1 Qg3 25. Qd1 Be3 26. Bxe4 dxe4 27. Rc2
Nd3 28. Qg4 Nf2+ 29. Rxf2 Bxf2 30. Qxe4 Re8 31. Qc4 Kh8 32. Nd4 Re1+ {White
resigns} 0-1

[Event "Team 45 45 League T61"]
[Site "Internet Chess Club"]
[Date "2014.06.09"]
[Round "2"]
[White "achessman"]
[Black "matein7"]
[Result "0-1"]
[WhiteElo "1887"]
[BlackElo "1788"]
[Opening "Caro-Kann: Panov-Botvinnik attack"]
[ECO "B13"]
[Time "19:18:44"]
[TimeControl "2700+45"]

1. e4 c6 2. d4 d5 3. exd5 cxd5 4. c4 Nc6 5. Nc3 Be6 6. c5 g6 7. Bb5 Qc7 8. Nge2
Bh6 9. O-O O-O-O 10. Qa4 Bxc1 11. Rfxc1 Nf6 12. Bxc6 bxc6 13. b4 Ng4 14. g3 h5
15. b5 Kd7 16. Rab1 Rc8 17. Nf4 h4 18. b6 axb6 19. Ncxd5 Bxd5 20. Nxd5 b5 21.
Nxc7 bxa4 22. Na6 hxg3 23. hxg3 e5 24. Rb7+ Ke6 25. Re1 f6 26. f3 Nh6 27. Nc7+
Kf5 28. Kf2 Rh7 29. g4+ Nxg4+ 30. fxg4+ Kxg4 31. Rg1+ Kf5 32. Ne8 Rxb7 33. Nd6+
Kf4 34. Nxb7 Rb8 35. Rb1 e4 36. Rb4 g5 37. a3 g4 38. Kg2 g3 39. Rb1 f5 40. d5
cxd5 41. Rf1+ Kg4 42. c6 f4 43. c7 f3+ 44. Kg1 Rh8 45. Rb1 f2+ 46. Kg2 Rh2+ 47.
Kf1 Kf3 {White resigns} 0-1